 Dungeon Crawl Stone Soup version 0.22-a0-848-ge9e22a0 (webtiles) character file.

191 Amnesiac the Digger (level 5, 0/35 HPs)
             Began as a Mummy Earth Elementalist on July 26, 2018.
             Slain by a jackal (1 damage)
             ... on level 4 of the Dungeon.
             The game lasted 00:03:00 (1036 turns).

Amnesiac the Digger (Mummy Earth Elementalist)      Turns: 1036, Time: 00:03:00

Health: 0/35       AC:  2    Str: 11    XL:     5   Next: 42%
Magic:  5/11       EV: 12    Int: 15    God:
Gold:   85         SH:  0    Dex: 13    Spells: 2/12 levels left

rFire    x . .     SeeInvis .   l - +2 great sword (drain)
rCold    + . .     Gourm    .   (shield currently unavailable)
rNeg     + + +     Faith    .   c - +0 robe
rPois    ∞         Spirit   .   (no helmet)
rElec    .         Reflect  .   (no cloak)
rCorr    .         Harm     .   (no gloves)
MR       .....                  (no boots)
Stlth    ++........             (no amulet)
HPRegen  0.11/turn              (no ring)
MPRegen  0.12/turn              (no ring)

@: very slightly contaminated
A: no food or potions, fire vulnerability, cold resistance 1, negative energy
resistance 3, torment resistance, unbreathing
a: no special abilities


You were on level 4 of the Dungeon.
You were not hungry.

You visited 1 branch of the dungeon, and saw 5 of its levels.

You collected 85 gold pieces.

Inventory:

Hand Weapons
 a - a +2 short sword of protection
 l - a +2 great sword of draining (weapon)
Missiles
 b - 18 stones (quivered)
Armour
 c - a +0 robe (worn)
Scrolls
 d - 2 scrolls of remove curse {!r, unknown}
 e - a scroll of amnesia {!r, unknown}
 f - 2 scrolls of noise {!r, unknown}
 g - a scroll of enchant weapon {!r, unknown}
 h - 2 scrolls of teleportation {!r, unknown}
 i - a scroll of fear {!r, unknown}
 j - a scroll of immolation {!r, unknown}
 k - a scroll of identify {!r, unknown}


   Skills:
 - Level 1.5 Dodging
 - Level 1.5 Stealth
 + Level 4.3 Spellcasting
 - Level 0.7 Transmutations
 * Level 4.5 Earth Magic


You had 2 spell levels left.
You knew the following spells:

 Your Spells              Type           Power        Failure   Level  Hunger
a - Sandblast             Erth           ###...       2%          1    N/A
b - Passwall              Tmut/Erth      ##......     9%          2    N/A
c - Stone Arrow           Conj/Erth      ##....       21%         3    N/A
e - Petrify               Tmut/Erth      ##......     52%         4    N/A

Your spell library contained the following spells:

 Spells                   Type           Power        Failure   Level  Hunger
 Lee's Rapid Deconstruct  Erth           ###.......   58%         5    N/A

Dungeon Overview and Level Annotations

Branches:
Dungeon (5/15)
 Temple: D:4-7

Altars:
Hepliaklqana
Qazlal

Annotations:
D:4 1 runed door, Mamutox's ghost, amateur OgCK


Innate Abilities, Weirdness & Mutations

You do not eat or drink.
Your flesh is vulnerable to fire.
You are immune to poison.
Your flesh is cold resistant. (rC+)
You are immune to negative energy. (rN+++)
You are immune to unholy pain and torment.
You can survive without breathing.


Message History

Confirm with . or Enter, or press ? or * to list all spells.
Aiming: Sandblast (safe; 3% risk of failure)
Press: ? - help, Shift-Dir - straight line, f/p - orc priest
Aim: an orc priest, wielding a mace (heavily wounded)
The blast of sand misses the orc priest.
b - 21 stones The orc closely misses you.
The orc priest hits you with a mace. The orc hits you with a dagger.
Unknown command.
Casting: Sandblast (safe; 3% risk of failure)
Confirm with . or Enter, or press ? or * to list all spells.
Aiming: Sandblast (safe; 3% risk of failure)
Press: ? - help, Shift-Dir - straight line, f/p - orc priest
Aim: an orc priest, wielding a mace (heavily wounded)
The blast of sand hits the orc priest.
You kill the orc priest!
b - 20 stones The jackal bites you.
The orc hits you with a short sword.
* * * LOW HITPOINT WARNING * * *
Unknown command.
Casting: Sandblast (safe; 2% risk of failure)
Confirm with . or Enter, or press ? or * to list all spells.
Okay, then.
Casting: Sandblast (safe; 2% risk of failure)
Confirm with . or Enter, or press ? or * to list all spells.
Aiming: Sandblast (safe; 2% risk of failure)
Press: ? - help, Shift-Dir - straight line, f - orc priest
Aim: an orc priest, wielding a falchion The blast of sand hits the orc.
You kill the orc!
b - 19 stones The jackal bites you but does no damage.
The jackal completely misses you. The orc barely misses you.
Unknown command.
Casting: Sandblast (safe; 2% risk of failure)
Confirm with . or Enter, or press ? or * to list all spells.
Aiming: Sandblast (safe; 2% risk of failure)
Press: ? - help, Shift-Dir - straight line, f/p - orc priest
Aim: an orc priest, wielding a falchion The blast of sand hits the orc priest.
The orc priest is severely wounded.
b - 18 stones The jackal bites you.
* * * LOW HITPOINT WARNING * * *
The orc closely misses you.
The orc priest hits you but does no damage.
The orc hits you with a short sword.
* * * LOW HITPOINT WARNING * * *
Unknown command.
Unknown command.
Casting: Sandblast (safe; 2% risk of failure)
Confirm with . or Enter, or press ? or * to list all spells.
Aiming: Sandblast (safe; 2% risk of failure)
Press: ? - help, Shift-Dir - straight line, f/p - orc priest
Aim: an orc priest, wielding a falchion (severely wounded)
You miscast Sandblast.
You are very lightly contaminated with residual magic.
Nothing appears to happen.
The jackal closely misses you. The orc hits you but does no damage.
The orc priest invokes the aid of Beogh against you.
Beogh smites you!
* * * LOW HITPOINT WARNING * * *
The orc hits you but does no damage. The jackal bites you.
You die...

#.....# ....##
#.....# ......
#.....# ..##.#
########'####... #.
#..#..##.####...
#.# #.............
#.. #.........!...
.###
#..h....%.....#....
#.@o..........#....
#.oo......o...#....
##..##.####'####..#
#..##.# .# #..
..............o.o.
. ...............hh
.. #...........h...
o..
#.$.............
#...............


You could see an orc priest, 2 orcs and a jackal.

Vanquished Creatures
  A phantom (D:4)
  2 orc priests
  3 adders (D:3)
  An adder skeleton (D:4)
  5 orcs
  A bat (D:2)
  A quokka (D:4)
  A goblin (D:2)
  A rat (D:3)
16 creatures vanquished.

Notes
Turn   | Place    | Note
-------+----------+-------------------------------------------
     0 | D:1      | Amnesiac the Mummy Earth Elementalist began the quest for the Orb.
     0 | D:1      | Reached XP level 1. HP: 13/13 MP: 4/4
    34 | D:1      | You fall through a shaft!
   156 | D:3      | Reached XP level 2. HP: 19/19 MP: 0/5
   160 | D:3      | Learned a level 2 spell: Passwall
   271 | D:3      | Reached XP level 3. HP: 14/24 MP: 0/7
   276 | D:3      | Learned a level 3 spell: Stone Arrow
   344 | D:3      | Found a hazy altar of Hepliaklqana.
   633 | D:3      | Reached XP level 4. HP: 29/30 MP: 3/9
   739 | D:4      | Found a stormy altar of Qazlal.
   767 | D:4      | Found a runed door.
   767 | D:4      | Noticed Mamutox's ghost (amateur OgCK)
   767 | D:4      | Noticed a bullfrog
   817 | D:5      | Entered Level 5 of the Dungeon
   896 | D:4      | Noticed a phantom
   926 | D:4      | Killed a phantom
   926 | D:4      | Reached XP level 5. HP: 22/35 MP: 0/11
   932 | D:4      | Learned a level 4 spell: Petrify
  1036 | D:4      | HP: 1/35 [orc priest/divine providence (11)]
  1036 | D:4      | Slain by a jackal

Vault maps used:
D:1:      minmay_arrival_hallway
D:2:      lemuel_crystal_altar, lemuel_crystal_altar, uniq_natasha,
          uniq_crazy_yiuf_cottage
D:3:      marbit_many_paths, serial_bayou, serial_bayou_lake_a,
          serial_bayou_pond_a, first_ration, minmay_joined_circles
D:4:      lemuel_upstairs_altar, nicolae_overflow_crystal_walls,
          old_standard_altar, ebering_ghost_sewer_f, uniq_duvessa
D:5:      tso_metal_star, fedhas_altar_1, lemuel_doored_altar,
          grunt_ministairs_12, fountainhead, minmay_misc_feat_tiny,
          minmay_misc_feat_doors, lemuel_angel_altar, uniq_pikel, uniq_sigmund

Skill      XL: |  1  2  3  4 |
---------------+-------------+-----
Earth Magic    | 3 4 |  4.5
Spellcasting   | 3 4 |  4.3
Dodging        | |  1.5
Stealth        | |  1.5
Transmutations | |  0.7

Action                   |  1- 3 |  4- 6 || total
-------------------------+-------+-------++-------
Melee: Unarmed           |    14 |       ||    14
       Mace              |     9 |       ||     9
       Great sword       |       |     3 ||     3
 Cast: Sandblast         |    19 |    22 ||    41
Armor: Robe              |     7 |     3 ||    10
Dodge: Dodged            |    31 |    11 ||    42
       Rpst.: Great sword |       |     2 ||     2

Table legend:
 A = Spawn XP
 B = Non-spawn XP
 C = Spawn XP percentage of total XP
 D = Spawn monster count
 E = Non-spawn monster count
 F = Spawn count percentage of total count
 G = Total turns spent on level
                    A         B        C        D         E        F      G
               +---------+---------+-------+---------+---------+-------+---------
         Total |       0 |     274 |   0.0 |       0 |      16 |   0.0 |  1036
               +---------+---------+-------+---------+---------+-------+---------
           D:2 |       0 |       3 |   0.0 |       0 |       2 |   0.0 |   108
           D:3 |       0 |      99 |   0.0 |       0 |       9 |   0.0 |   597
           D:4 |       0 |     172 |   0.0 |       0 |       5 |   0.0 |   232
               +---------+---------+-------+---------+---------+-------+---------
